 Dungeon Sprint DCSS version 0.27.1-2-g3b301248ec (webtiles) character file.

Game seed: 1440111264188885430

12317 boopmooplesden the Peltast (level 11, 0/112 HPs)
             Began as a Minotaur Fighter on Sept 22, 2021.
             Was a High Priest of Okawaru.
             Killed by divine providence
             ... invoked by a deep elf high priest
              (17 damage)
             ... in the Dungeon (Sprint II: "The Violet Keep of Menkaure").
             The game lasted 00:09:07 (2254 turns).

boopmooplesden the Peltast (Minotaur Fighter)       Turns: 2254, Time: 00:09:08

Health: 0/112      AC: 20    Str: 24    XL:     11   Next: 60%
Magic:  11/13      EV:  9    Int:  2    God:    Okawaru [*****.]
Gold:   42         SH: 19    Dex:  8    Spells: 10/10 levels left

rFire    + + .     SeeInvis .   a - +1 long sword (drain)
rCold    + + +     Faith    +   c - +2 kite shield
rNeg     . . .     Spirit   .   g - +0 gold dragon scales
rPois    +         Reflect  .   t - +2 hat
rElec    +         Harm     .   (no cloak)
rCorr    +         Rampage  .   e - +1 pair of gloves
Will     ++...     NoTele   +   (no boots)
Stlth    ..........             l - amulet of Leaves {Faith rPois rC+ Will++ Int-3}
HPRegen  0.28/turn              f - ring of poison resistance
MPRegen  0.13/turn              (no ring)

@: resistant, heroic, very slightly contaminated
A: horns 2, retaliatory headbutt, clumsy 1, cold resistance 1, deformed body,
deterioration 1, screaming 1, subdued magic 1
a: Renounce Religion, Heroism, Finesse


You were in the Dungeon.
You worshipped Okawaru.
Okawaru was extremely pleased with you.
You visited 1 branch You collected 1235 gold pieces.
You spent 1193 gold pieces at shops.

Inventory:

Hand Weapons
 a - a +1 long sword of draining (weapon)
Armour
 b - a +0 scale mail
 c - a +2 kite shield (worn)
 e - a +1 pair of gloves (worn)
 g - +0 gold dragon scales (worn)
 i - a +1 pair of gloves of archery
 r - +0 storm dragon scales
 t - a +2 hat (worn)
 w - a +1 ring mail of cold resistance
Jewellery
 f - a ring of poison resistance (left hand)
 l - the amulet of Leaves (around neck) {Faith rPois rC+ Will++ Int-3}
   (You bought it in a shop in the Dungeon)

   [amulet of faith]

   It allows you to gain divine favour quickly.
   Int:       It affects your intelligence (-3).
   rC:        It protects you from cold.
   rPois:     It protects you from poison.
   Will:      It greatly increases your willpower.
Scrolls
 d - a scroll of identify
 j - a scroll of blinking
 n - 2 scrolls of immolation
 s - a scroll of vulnerability
Potions
 h - 5 potions of magic
 k - a potion of curing
 m - a potion of lignification
 o - a potion of mutation
 p - a potion of flight
 q - a potion of resistance
 u - a potion of degeneration
 v - a potion of experience {unknown}


   Skills:
 + Level 15.0(20.0) Fighting
 + Level 16.7(21.7) Long Blades
 + Level 13.2(18.2) Armour
 + Level 10.0(15.0) Dodging
 + Level 1.4(6.4) Stealth
 + Level 18.5(23.5) Shields
 + Level 4.4 Invocations


You had 10 spell levels left.
You didn't know any spells.
Your spell library contained the following spells:

 Spells                   Type           Power      Damage    Failure   Level
 Corpse Rot               Necr/Air       N/A        N/A       100%        2
 Poisonous Vapours        Pois/Air       0%         N/A       100%        2
 Freezing Cloud           Conj/Ice/Air   0%         6-21      100%        5


Dungeon Overview and Level Annotations

Branches:
Dungeon (1/1)

Altars:
Cheibriados
Dithmenos
Elyvilon
Fedhas
Gozag
Hepliaklqana
Kikubaaqudgha
Makhleb
Nemelex Xobeh
Okawaru
Qazlal
Ru
Sif Muna
Trog
Uskayaw
Vehumet
Wu Jian
Xom
Yredelemnul
Zin
The Shining One
Beogh
Jiyva
Lugonu

Shops:
D [[:=!?(=!(!(=:??[?[

Annotations:
D exclusion: oklob plant


Innate Abilities, Weirdness & Mutations

You have a pair of horns on your head.
You reflexively headbutt those who attack you in melee.
You are clumsy. (Dex -2)
Your flesh is cold resistant. (rC+)
Armour fits poorly on your strangely shaped body.
Your body sometimes deteriorates upon taking damage.
You occasionally shout uncontrollably at your foes.
Your spells are a little easier to cast, but a little less powerful.


Message History

You hit the bone dragon.
The bone dragon is lightly damaged.
The kobold demonologist casts a spell.
You slash the bone dragon!
You headbutt the bone dragon, but do no damage.
The bone dragon is moderately damaged.
The frost giant seems less brilliant.
The bone dragon bites you but does no damage.
The bone dragon claws you but does no damage.
The bone dragon tramples you but does no damage.
The frost giant is empowered by the deep elf high priest's aura!
You hit the bone dragon.
The bone dragon is moderately damaged.
The bone dragon bites you. The bone dragon claws you.
You block the bone dragon's attack.
You hit the bone dragon.
The bone dragon is moderately damaged.
The deep elf high priest is no longer giving off an aura.
The bone dragon bites you. The bone dragon claws you!
* * * LOW HITPOINT WARNING * * *
You block the bone dragon's attack.
Unknown command.
You feel better.
The kobold demonologist looks braver for a moment.
You block the bone dragon's attack. The bone dragon claws you.
* * * LOW HITPOINT WARNING * * *
You block the bone dragon's attack.
You gain the combat prowess of a mighty hero.
The deep elf high priest utters an invocation to its god.
The deep elf high priest begins emitting a brilliant aura!
The bone dragon bites you!
* * * LOW HITPOINT WARNING * * *
The bone dragon claws you but does no damage.
You block the bone dragon's attack.
You hit the bone dragon but do no damage.
You headbutt the bone dragon, but do no damage.
The bone dragon is moderately damaged.
The deep elf high priest calls down the wrath of its god upon you.
Something smites you!
You die... ############ #.∩∩∩∩'§÷..# #######.#### #+## ####§#### #$.+ ##§§§§≈≈§## #.$###≈≈≈§§≈§§§## #@!'≈≈§≈§§≈≈§≈§# #z2D####§§≈§≈≈§§≈## .KCeDDY

≈##≈§§≈≈§§##
############≈≈#+++#§§'##
###########≈≈≈....§§§..#
##........#≈≈≈≈.##'##..#
##....⌠...#≈≈≈≈####.##.####
##...∩.∩..#≈≈≈≈#..##.#....#
##..∩.∩.∩.#≈≈####...####..#


You could see a bone dragon, a golden dragon, a storm dragon, a frost giant
(empowered), a cacodemon, an elephant, a skeletal warrior, a deep elf high
priest (brilliance aura) and a kobold demonologist (empowered).

Vanquished Creatures
  A golden dragon (D)
  Kirke (D)
  A storm dragon (D)
  A centaur warrior (D)
  2 hell hogs (D)
  An orange crystal statue (D)
  A yaktaur (D)
  3 polar bears (D)
  A hornet (D)
  12 flying skulls (D)
  2 wyverns (D)
  4 neqoxecs (D)
  Menkaure (D)
  3 water moccasins (D)
  5 scorpions (D)
  3 worms (D)
42 creatures vanquished.

Vanquished Creatures (others)
  A water moccasin (D)
  12 tentacles (D)
13 creatures vanquished.

Grand Total: 55 creatures vanquished

Notes
Turn   | Place    | Note
-------+----------+-------------------------------------------
     0 | D        | boopmooplesden the Minotaur Fighter began the quest for the
                  | Orb.
     0 | D        | Reached XP level 1. HP: 19/19 MP: 0/0
     9 | D        | Reached skill level 4 in Shields
    18 | D        | Noticed a flying skull
    18 | D        | Noticed a flying skull
    18 | D        | Noticed a flying skull
    18 | D        | Noticed a flying skull
    18 | D        | Noticed a flying skull
    18 | D        | Noticed a flying skull
    19 | D        | Noticed a flying skull
    19 | D        | Noticed a flying skull
    19 | D        | Noticed a flying skull
    19 | D        | Noticed a flying skull
    21 | D        | Reached XP level 2. HP: 24/28 MP: 1/1
    21 | D        | Noticed a flying skull
    22 | D        | Noticed a flying skull
    31 | D        | Noticed a scorpion
    31 | D        | Noticed a scorpion
    39 | D        | Killed a scorpion
    40 | D        | Reached skill level 5 in Armour
    40 | D        | Reached skill level 5 in Shields
    40 | D        | Reached XP level 3. HP: 27/37 MP: 2/2
    40 | D        | Reached XP level 4. HP: 32/44 MP: 3/3
    45 | D        | Killed a scorpion
    46 | D        | Reached skill level 5 in Long Blades
    46 | D        | Reached skill level 1 in Dodging
    46 | D        | Reached skill level 6 in Shields
    48 | D        | Noticed a scorpion
    48 | D        | Noticed a scorpion
    54 | D        | Killed a scorpion
    55 | D        | Reached skill level 7 in Shields
    55 | D        | Reached XP level 5. HP: 13/53 MP: 4/4
   234 | D        | Noticed a neqoxec
   234 | D        | Noticed a neqoxec
   234 | D        | Noticed a neqoxec
   234 | D        | Noticed a neqoxec
   235 | D        | Lost intelligence.
   235 | D        | Gained mutation: You are dopey. (Int -2) [a neqoxec]
   242 | D        | Killed a neqoxec
   243 | D        | Reached skill level 8 in Shields
   243 | D        | Reached XP level 6. HP: 63/63 MP: 5/5
   245 | D        | Killed a neqoxec
   246 | D        | Reached skill level 9 in Shields
   247 | D        | Gained mutation: Your body sometimes deteriorates upon
                  | taking damage. [a neqoxec]
   249 | D        | Lost mutation: You are dopey. (Int -2) [a neqoxec]
   250 | D        | Killed a neqoxec
   251 | D        | Reached skill level 10 in Long Blades
   251 | D        | Reached XP level 7. HP: 48/71 MP: 6/6
   252 | D        | Gained mutation: You occasionally shout uncontrollably at
                  | your foes. [a neqoxec]
   256 | D        | Gained mutation: You sometimes lose the ability to read
                  | scrolls when taking damage. [a neqoxec]
   262 | D        | Killed a neqoxec
   263 | D        | Reached skill level 10 in Fighting
   263 | D        | Reached skill level 10 in Armour
   263 | D        | Reached skill level 10 in Shields
   478 | D        | Noticed a wyvern
   478 | D        | Noticed a wyvern
   481 | D        | Killed a wyvern
   486 | D        | Killed a wyvern
   487 | D        | Reached XP level 8. HP: 66/81 MP: 7/7
   493 | D        | Found Posao's Jewellery Shoppe.
   493 | D        | Found Yvaimuog's Book Shoppe.
   493 | D        | Found Yntysom's Distillery.
   493 | D        | Found Myleast's Jewellery Shoppe.
   493 | D        | Found Gucvuk's Antique Weapon Emporium.
   493 | D        | Found Laef's Distillery.
   493 | D        | Found Gumerch's Weapon Shoppe.
   493 | D        | Found Antaor's Antique Weapon Emporium.
   494 | D        | Found Houmajet's Magic Scroll Shoppe.
   494 | D        | Found Vut Pann's Magic Scroll Emporium.
   494 | D        | Found Ipur's Distillery.
   494 | D        | Noticed Menkaure
   497 | D        | Noticed a slime creature
   505 | D        | Killed Menkaure
   508 | D        | Found Yfigekadgh's Jewellery Emporium.
   508 | D        | Noticed an oklob plant
   529 | D        | Found Inasuqegir's Antique Armour Shoppe.
   529 | D        | Found Fudah's Antique Armour Emporium.
   529 | D        | Found Saojaide's Book Shoppe.
   531 | D        | Noticed a slime creature
   531 | D        | Noticed a slime creature
   537 | D        | Bought a pair of embroidered gloves for 210 gold pieces
   556 | D        | Bought a ring of poison resistance for 200 gold pieces
   577 | D        | Found an iron altar of Okawaru.
   577 | D        | Found an opulent altar of Gozag.
   578 | D        | Found a sparkling altar of Nemelex Xobeh.
   578 | D        | Found a blossoming altar of Fedhas.
   579 | D        | Found a radiant altar of Vehumet.
   579 | D        | Found a burning altar of Makhleb.
   579 | D        | Found a white marble altar of Elyvilon.
   580 | D        | Found a hide-covered altar of Uskayaw.
   580 | D        | Found a corrupted altar of Lugonu.
   580 | D        | Found a shadowy altar of Dithmenos.
   581 | D        | Found a glowing silver altar of Zin.
   581 | D        | Found a bloodstained altar of Trog.
   581 | D        | Found an ancient bone altar of Kikubaaqudgha.
   582 | D        | Found a basalt altar of Yredelemnul.
   582 | D        | Found a shimmering blue altar of Sif Muna.
   582 | D        | Found a viscous altar of Jiyva.
   583 | D        | Found a shimmering altar of Xom.
   583 | D        | Found a sacrificial altar of Ru.
   584 | D        | Noticed a polar bear
   585 | D        | Found a glowing golden altar of the Shining One.
   585 | D        | Found an ornate altar of the Wu Jian Council.
   585 | D        | Found a stormy altar of Qazlal.
   585 | D        | Found a snail-covered altar of Cheibriados.
   585 | D        | Found a hazy altar of Hepliaklqana.
   585 | D        | Noticed a polar bear
   585 | D        | Noticed a polar bear
   586 | D        | Noticed a yaktaur
   587 | D        | Became a worshipper of Warmaster Okawaru
   588 | D        | Noticed a hornet
   593 | D        | Killed a polar bear
   594 | D        | Reached skill level 11 in Shields
   598 | D        | Killed a polar bear
   598 | D        | Reached * piety under Okawaru
   599 | D        | Reached skill level 5 in Dodging
   603 | D        | Killed a polar bear
   607 | D        | Killed a hornet
   607 | D        | Reached ** piety under Okawaru
   608 | D        | Reached XP level 9. HP: 28/90 MP: 8/8
   610 | D        | Killed a yaktaur
   611 | D        | Reached skill level 12 in Shields
   866 | D        | Noticed a kraken
   998 | D        | Identified a scroll of acquirement
   998 | D        | Acquired a +2 hat
  1388 | D        | Reached *** piety under Okawaru
  1400 | D        | Reached skill level 13 in Shields
  1408 | D        | Reached skill level 1 in Stealth
  1427 | D        | Reached **** piety under Okawaru
  1428 | D        | Reached XP level 10. HP: 46/101 MP: 7/9
  1444 | D        | Reached skill level 14 in Shields
  1444 | D        | Reached skill level 1 in Invocations
  1448 | D        | Reached skill level 15 in Long Blades
  1664 | D        | Bought the amulet of Leaves {Faith rPois rC+ Will++ Int-3}
                  | for 783 gold pieces
  1694 | D        | Noticed an orange crystal statue
  1713 | D        | Killed an orange crystal statue
  1733 | D        | Gained mutation: Your flesh is cold resistant. (rC+)
                  | [mutagenic glow]
  1751 | D        | Gained mutation: You are clumsy. (Dex -2) [mutagenic glow]
  1752 | D        | Found Veguec's Armour Boutique.
  1752 | D        | Found Zeja's Magic Scroll Shoppe.
  1752 | D        | Found Laodiaso's Antique Armour Shop.
  1752 | D        | Found Banomp's Magic Scroll Emporium.
  1752 | D        | Noticed a golden dragon
  1765 | D        | Gained mutation: Armour fits poorly on your strangely
                  | shaped body. [mutagenic glow]
  1777 | D        | Gained mutation: Your spells are a little easier to cast,
                  | but a little less powerful. [mutagenic glow]
  1793 | D        | Lost mutation: You sometimes lose the ability to read
                  | scrolls when taking damage. [mutagenic glow]
  1828 | D        | Noticed a storm dragon
  1852 | D        | Killed a golden dragon
  1852 | D        | Reached ***** piety under Okawaru
  1853 | D        | Reached skill level 16 in Shields
  1853 | D        | Reached XP level 11. HP: 87/110 MP: 9/12
  1960 | D        | Killed a storm dragon
  1960 | D        | Received a gift from Okawaru
  1961 | D        | Reached skill level 17 in Shields
  2206 | D        | Noticed a hell hog
  2206 | D        | Noticed a centaur warrior
  2206 | D        | Noticed Kirke
  2206 | D        | Noticed a storm dragon
  2206 | D        | Noticed a hell hog
  2207 | D        | Noticed a cacodemon
  2207 | D        | Noticed a yaktaur captain
  2207 | D        | Noticed a skeletal warrior
  2208 | D        | Noticed a bone dragon
  2214 | D        | Noticed a golden dragon
  2217 | D        | Killed Kirke
  2217 | D        | Noticed a deep elf high priest
  2221 | D        | Noticed a frost giant
  2221 | D        | Killed a hell hog
  2222 | D        | Reached skill level 18 in Shields
  2226 | D        | Killed a hell hog
  2231 | D        | Noticed a sixfirhy
  2235 | D        | Killed a centaur warrior
  2236 | D        | Reached skill level 15 in Fighting
  2236 | D        | Reached skill level 10 in Dodging
  2254 | D        | Killed from afar by a deep elf high priest

Illustrated notes

Levels and vault maps discovered:
D:        the_violet_keep_of_menkaure [sprint2_stairs_cluster_1,
          sprint2_shoproom, sprint2_temple, sprint2_basic_supplies,
          sprint2_obstacle_1, sprint2_obstacle_7, sprint2_obstacle_4,
          sprint2_obstacle_5, sprint2_obstacle_2, sprint2_timed_cluster_1,
          sprint2_smallroom_cluster_1, sprint2_smallroom_final_cluster_1,
          sprint2_transparent_cluster_1, sprint2_second_timed_cluster_1,
          sprint2_sniper_area_1, sprint2_heavy_combat_area_1,
          sprint2_mutation_trap_area_1, sprint2_forest_area_1,
          sprint2_light_combat_area_1, sprint2_behind_water_1,
          sprint2_near_end_vault_1]

Skill      XL: |  1  2  3  4  5  6  7  8  9 10 11 |
---------------+----------------------------------+-----
Fighting       | 4 6 7 9 10 11 13 14 15 | 15.0
Armour         | 4 5 7 8 9 10 11 12 13 | 13.2
Shields        | 4 5 7 8 9 10 11 13 16 18 | 18.5
Long Blades    | 3 4 6 8 10 11 13 14 15 16 | 16.7
Dodging        | 1 2 3 4 5 7 9 10 | 10.0
Stealth        | 1 |  1.4
Invocations    | 3 4 |  4.4

Action                   |  1- 3 |  4- 6 |  7- 9 | 10-12 || total
-------------------------+-------+-------+-------+-------++-------
Melee: Long sword        |    16 |    32 |   134 |   114 ||   296
       Headbutt          |     4 |     5 |    28 |    25 ||    62
Invok: Heroism           |       |       |     2 |     7 ||     9
  Use: Potion            |       |     3 |     2 |     6 ||    11
       Scroll            |       |       |    14 |       ||    14
Armor: Scale mail        |     3 |     6 |    43 |     6 ||    58
       Gold dragon scale |       |       |       |    28 ||    28
Dodge: Dodged            |     5 |     9 |    33 |    25 ||    72
Block: Kite shield       |     7 |    16 |    92 |    73 ||   188
       Rpst.: Long sword |     1 |     3 |     9 |     7 ||    20
